 Dungeon Crawl Stone Soup version 0.28.0-45-g0d030f2227 (webtiles) character file.

Game seed: 5694622645981984822

67 CryoSword the Chopper (level 3, -5/34 HPs)
             Began as a Deep Dwarf Monk on Apr 21, 2022.
             Slain by Crazy Yiuf
             ... wielding a +4 quarterstaff of chaos
              (13 damage)
             ... on level 2 of the Dungeon.
             The game lasted 00:01:42 (1667 turns).

CryoSword the Chopper (Deep Dwarf Monk)             Turns: 1667, Time: 00:01:42

Health: -5/34      AC:  2    Str: 16    XL:     3   Next: 98%
Magic:  3/3        EV: 13    Int: 10    God:
Gold:   40         SH:  0    Dex: 15    Spells: 2/2 levels left

rFire   . . .      SeeInvis .   a - +0 hand axe
rCold   . . .      Faith    +   (no shield)
rNeg    . . .      Spirit   .   b - +0 robe
rPois   .          Reflect  .   (no helmet)
rElec   .          Harm     .   (no cloak)
rCorr   .          Rampage  .   (no gloves)
Will    .....                   (no boots)
Stlth   ++........              i - amulet of faith {!P}
HPRegen 0.00/turn               (no ring)
MPRegen 0.08/turn               (no ring)

@: mighty
A: damage resistance, heal wounds, sense surroundings 1, no regeneration
a: Heal Wounds


You were on level 2 of the Dungeon.
You visited 1 branch of the dungeon, and saw 2 of its levels.

You collected 40 gold pieces.

Inventory:

Hand Weapons
 a - a +0 hand axe (weapon)
Armour
 b - a +0 robe (worn)
Jewellery
 i - an amulet of faith (around neck) {!P}
   (You found it on level 2 of the Dungeon)
Scrolls
 c - a scroll of holy word {unknown}
 e - 3 scrolls of identify {unknown}
 f - a scroll of silence {unknown}
Potions
 d - a potion of haste {unknown}
 g - a potion of curing {unknown}
 h - 2 potions of heal wounds {unknown}


   Skills:
 + Level 3.1 Fighting
 * Level 4.1 Axes
 + Level 1.4 Armour
 + Level 3.7 Dodging
 + Level 3.0 Stealth


You had 2 spell levels left.
You didn't know any spells.
Your spell library was empty.

Dungeon Overview and Level Annotations

Branches:
Dungeon (2/15)

Altars:
Qazlal

Annotations:
D:2 Crazy Yiuf


Innate Abilities, Weirdness & Mutations

You are resistant to damage.
You can heal yourself by infusing magical energy.
You passively map a small area around you.
You do not regenerate.


Message History

You are too injured to fight recklessly!
You are too injured to fight recklessly!
You are too injured to fight recklessly!
You slash the worm! The worm bites you.
* * * LOW HITPOINT WARNING * * *
You slash the worm!
You kill the worm!
You feel much better.
Found an escape hatch in the floor.
You see here a worm corpse.
Found a faded altar of an unknown god.
e - 2 scrolls labelled YNUN LAUGA (gained 1)
An adder comes into view.
An adder is nearby!
An adder is nearby!
An adder is nearby!
Found a scroll labelled YNUN LAUGA.
The adder barely misses you. x2
You closely miss the adder. The adder barely misses you.
You hit the adder. You punch the adder. The adder bites you but does no damage.
The adder barely misses you.
You hit the adder.
You kill the adder!
Your Axes skill increases to level 4!
Your Stealth skill increases to level 3!
No target in view!
No target in view!
No target in view!
No target in view!
No target in view!
No target in view!
e - 3 scrolls labelled YNUN LAUGA (gained 1)
You see here an adder corpse.
Found a stone staircase leading down.
Found a stone staircase leading down.
There is a stone staircase leading down here.
There is a stone staircase leading down here.
There is a stone staircase leading down here.
A bat comes into view.
A bat is nearby!
A bat is nearby!
The helpless bat fails to defend itself.
You hit the bat. The bat misses you.
You closely miss the bat. The bat barely misses you.
The bat hits you but does no damage. The bat hits you but does no damage.
You miss the bat. The bat hits you.
You miss the bat. The bat hits you but does no damage. x2
You hit the bat but do no damage. The bat misses you.
You closely miss the bat. The bat hits you but does no damage.
The bat misses you.
You miss the bat. The bat closely misses you.
A bat is nearby!
A bat is nearby!
A bat is nearby!
A bat is nearby!
You hit the bat.
You kill the bat!
No target in view!
You open the door.
A quokka comes into view.
A quokka is nearby!
A quokka is nearby!
You hit the quokka.
The quokka twitches its whiskers.
The quokka completely misses you.
You hit the quokka.
You kill the quokka!
No target in view!
There is a stone staircase leading down here.
There is a stone staircase leading down here.
There is a stone staircase leading down here.
There is a dry fountain here.
Found an escape hatch in the ceiling.
An adder comes into view.
An adder is nearby!
An adder is nearby!
An adder is nearby!
The helpless adder fails to defend itself.
You hit the adder. The adder misses you.
The adder bites you but does no damage.
You closely miss the adder. The adder bites you but does no damage.
You barely miss the adder. The adder barely misses you.
You hit the adder but do no damage. The adder barely misses you. x2
You hit the adder. The adder misses you.
You barely miss the adder. The adder misses you. The adder bites you.
You are poisoned.
The adder poisons you!
You barely miss the adder. The adder closely misses you.
You slash the adder!
You kill the adder!
You see here an adder corpse.
You are no longer poisoned.
You see here an adder corpse.
h - 2 dark potions You now have 40 gold pieces (gained 9).
Found a chain mail.
You see here a +0 chain mail.
Found a stone staircase leading down.
There is a stone staircase leading down here.
Could not explore, unopened door.
Could not explore, unopened door.
Could not explore, unopened door.
As you open the door, it creaks loudly!
Found a runed golden amulet.
There is a stone staircase leading down here.
There is an open door here.
i - an amulet of faith {!P}
There is a stone staircase leading down here.
Found a runed mace.
Found a mace.
Really put on
i - an amulet of faith {!P}?
You start putting on your amulet.
You continue putting on your amulet of faith {!P}. x5
You finish putting on your amulet of faith {!P}.
You feel a strange surge of divine interest.
i - an amulet of faith (around neck) {!P}
Found three maces.
Found a mace.
You see here a +0 mace.
You see here a +0 mace.
Found seven maces.
Found a runed translucent door.
You see here a +0 mace.
Found a mace.
Crazy Yiuf shouts!
You see here a +0 mace.
You see here a +0 mace.
Found three maces.
You see here a +0 mace.
You open the door.
Crazy Yiuf glowers.
You see here a +0 mace.
Crazy Yiuf hits you with a +4 quarterstaff of chaos!
You feel very mighty all of a sudden.
You see here a +0 mace.
You see here a +0 mace.
You see here a +0 mace.
You closely miss Crazy Yiuf.
Crazy Yiuf hits you with a +4 quarterstaff of chaos!
* * * LOW HITPOINT WARNING * * *
You barely miss Crazy Yiuf.
Crazy Yiuf hits you with a +4 quarterstaff of chaos!
* * * LOW HITPOINT WARNING * * *
Crazy Yiuf burns you.
You see here a +0 mace.
Crazy Yiuf laughs, "Cholesterol verde poople!"
Crazy Yiuf sings, "Trees, trees, trees, circus!"
You fail to use your ability.
Crazy Yiuf hits you with a +4 quarterstaff of chaos!
You die...

*
#........#.#....#.#*
, *
#....###.#.#.##.#.#*
, #* , #))..#
#.#.#.##.#.# ,,
###### ♣....♣
#.#.#......#*, ,
.....# ♣♣.))♣
#.#....#.#### ######
♣♣)♣♣ #.#....'>...#,
* #...# ♣♣)♣
#.##...#.##.# *
#.#.# ♣)♣♣
#g##...#.##.# #.#.#
♣♣)♣ #@##...#.##.# *
#.#.## ♣)♣♣
#.######.##.# .....#
*#'#* #.# #.##.#
###>## )))
#.######.##.# * *
.....# #)))#
#.#.......#.# ###.##
#).)# #.#.#######.#
#..# ##### #.....#
#.# * * ###..#
##..#.# #.# * .....#
#########..#.#####[#
,,


You could see Crazy Yiuf.

Vanquished Creatures
  3 adders (D:2)
  A worm (D:2)
  A ball python (D:1)
  3 endoplasms (D:1)
  4 giant cockroaches (D:1)
  4 goblins (D:1)
  2 hobgoblins (D:1)
  4 jackals (D:1)
  4 quokkas
  A bat (D:2)
  2 frilled lizards (D:1)
  3 kobolds (D:1)
32 creatures vanquished.

Notes
Turn   | Place    | Note
-------+----------+-------------------------------------------
     0 | D:1      | CryoSword the Deep Dwarf Monk began the quest for the Orb.
     0 | D:1      | Reached XP level 1. HP: 20/20 MP: 1/1
   146 | D:1      | Reached XP level 2. HP: 24/27 MP: 2/2
   213 | D:1      | Reached skill level 1 in Armour
   696 | D:1      | Reached XP level 3. HP: 33/33 MP: 3/3
  1021 | D:2      | Found a stormy altar of Qazlal.
  1189 | D:2      | Found a faded altar of an unknown god.
  1205 | D:2      | Reached skill level 4 in Axes
  1641 | D:2      | Found a runed translucent door.
  1642 | D:2      | Noticed Crazy Yiuf
  1667 | D:2      | Slain by Crazy Yiuf

Illustrated notes

Levels and vault maps discovered:
D:1:      kilobyte_arrival_exit_the_forest, layout_basic
D:2:      layout_basic, ebering_ecumenical_altar_abandoned, basic_altar,
          grunt_ministairs_5, minmay_pentomino_pile, uniq_crazy_yiuf_cottage

Skill      XL: |  1  2  3 |
---------------+----------+-----
Armour         | 1 |  1.4
Fighting       | 3 |  3.1
Axes           | 4 |  4.1
Stealth        | 3 |  3.0
Dodging        | |  3.7

Action                   || total
-------------------------++-------
Melee: Hand axe          ||   134
       Punch             ||     5
 Abil: Heal Wounds       ||     2
 Stab: Sleeping          ||     5
       Distracted        ||     1
Armor: Robe              ||    23
Dodge: Dodged            ||    98
